 Dungeon Crawl Stone Soup version 0.27.0-1-g7a08968 (webtiles) character file.

Game seed: 12006944927233787653

164 Host24 the Bolt Thrower (level 5, -1/35 HPs)
             Began as a Kobold Hunter on Jan 25, 2022.
             Splashed by a jelly's acid (10 damage)
             ... while paralysed by Grinder
             ... on level 3 of the Dungeon.
             The game lasted 00:09:08 (3819 turns).

Host24 the Bolt Thrower (Kobold Hunter)             Turns: 3819, Time: 00:09:08

Health: -1/35      AC:  2    Str: 11    XL:     5   Next: 73%
Magic:  5/5        EV:  3    Int: 12    God:
Gold:   142        SH:  0    Dex: 15    Spells: 4/4 levels left

rFire    . . .     SeeInvis .   v - +1 hand axe (venom)
rCold    . . .     Faith    .   (shield restricted)
rNeg     . . .     Spirit   .   c - +0 leather armour
rPois    .         Reflect  .   q - +0 helmet
rElec    .         Harm     .   r - +0 cloak
rCorr    .         Rampage  .   s - +0 pair of gloves
Will     .....                  (no boots)
Stlth    +++.......             (no amulet)
HPRegen  0.11/turn              (no ring)
MPRegen  0.09/turn              (no ring)

@: paralysed, corroded
A: small, no large weapons, nightstalker 3
a: no special abilities


You were on level 3 of the Dungeon.
You visited 1 branch of the dungeon, and saw 4 of its levels.

You collected 142 gold pieces.

Inventory:

Hand Weapons
 a - a +1 hand crossbow
 f - a +1 hunting sling of freezing
 n - a +0 vorpal hunting sling
 v - a +1 hand axe of venom (weapon)
Missiles
 d - 43 bolts
 e - 38 stones (quivered)
 g - 37 sling bullets
 k - 52 arrows
 l - 3 datura-tipped darts
 u - 31 poisoned darts
Armour
 c - a +0 leather armour (worn)
 q - a +0 helmet (worn)
 r - a +0 cloak (worn)
 s - a +0 pair of gloves (worn)
Scrolls
 b - a scroll of teleportation {unknown}
 j - a scroll of vulnerability {unknown}
 m - 2 scrolls of identify {unknown}
Potions
 h - 2 potions of haste {unknown}
 i - 2 potions of curing {unknown}
 o - a potion of resistance {unknown}
 p - a potion of attraction {unknown}
 t - a potion of degeneration {unknown}


   Skills:
 - Level 5.0 Fighting
 + Level 5.1 Crossbows
 - Level 4.0 Dodging
 - Level 1.3 Stealth


You had 4 spell levels left.
You didn't know any spells.
Your spell library contained the following spells:

 Spells                   Type           Power      Damage    Failure   Level
 Animate Skeleton         Necr           0%         N/A       41%         1
 Apportation              Tloc           0%         N/A       41%         1
 Corona                   Hex            0%         N/A       41%         1
 Summon Small Mammal      Summ           0%         N/A       41%         1


Dungeon Overview and Level Annotations

Branches:
Dungeon (4/15)
 Temple: D:4-7

Altars:
Hepliaklqana

Shops:
D:2 (

Annotations:
D:3 1 runed translucent door, Crazy Yiuf, Grinder


Innate Abilities, Weirdness & Mutations

You are small and have problems with some larger weapons.
You are completely attuned to the shadows.


Message History

You kill the gnoll!
Your Fighting skill increases to level 5!
You hit the gnoll.
The gnoll is poisoned.
The gnoll is heavily wounded.
The gnoll completely misses you. The gnoll hits you with a +4 whip!
You hit the gnoll.
The gnoll looks as sick as possible!
The gnoll is severely wounded.
The gnoll hits you with a +4 whip.
A jelly comes into view.
You kill the gnoll!
The jelly quivers.
The jelly barely misses you.
You hit the jelly.
Your hands burn!
The jelly is lightly wounded.
You hit the jelly.
Your hands burn!
The jelly is lightly wounded.
The jelly hits you but does no damage.
You hit the jelly.
Your hands burn!
The jelly is moderately wounded.
The jelly barely misses you. The jelly hits you but does no damage.
There is a stone staircase leading up here.
The jelly hits you but does no damage.
You climb upwards.
Level annotation: 1 runed translucent door, Crazy Yiuf, Grinder
There is a stone staircase leading down here.
The jelly hits you but does no damage.
The jelly jiggles.
Grinder shouts!
Grinder gestures at you.
You barely resist. Grinder hits you.
Grinder blinks!
Grinder gestures at you.
You suddenly lose the ability to move!
The jelly hits you. The acid corrodes you!
You are splashed with acid.
Grinder hits you. The jelly hits you.
* * * LOW HITPOINT WARNING * * *
You are splashed with acid!
You die...

############# #######
...##.......###.....#
...##.......+.#.....#
...##.......#.#.....# ######
...##.......#.#.....### ####.....
...##.......#.#.5....)###........
....'......†+.#.@J......#.##.###.
....#.......#.......#.#.#.##.# #.
....#.........##......#.#.##.# #.
.##.#.##.##############.#.##.# #.
.##.#.##.#..............#.##.###.
##.#.##.#.####.####.#..#.##...#.
#.......#)#⌠.#.#..#.#..#...##.#.
####.####.#..'.)[.#.##.###.##.#.
#.# #.####.##+#.#.....>##.#.


You could see Grinder and a jelly.

Vanquished Creatures
  Jessica (D:2)
  Robin (D:2)
  3 gnolls (D:4)
  2 adders
  A worm (D:2)
  A dart slug (D:2)
  An orc (D:3)
  4 ball pythons
  2 bats (D:1)
  7 endoplasms
  3 giant cockroaches
  15 goblins
  7 hobgoblins
  6 quokkas
  2 frilled lizards (D:3)
  6 kobolds
  9 rats
71 creatures vanquished.

Vanquished Creatures (others)
  A plant (D:4)
1 creature vanquished.

Grand Total: 72 creatures vanquished

Notes
Turn   | Place    | Note
-------+----------+-------------------------------------------
     0 | D:1      | Host24 the Kobold Hunter began the quest for the Orb.
     0 | D:1      | Reached XP level 1. HP: 12/12 MP: 1/1
    25 | D:1      | Reached skill level 5 in Crossbows
   157 | D:1      | Reached XP level 2. HP: 13/17 MP: 2/2
   617 | D:1      | Reached XP level 3. HP: 17/21 MP: 3/3
  1110 | D:1      | Found a faded altar of an unknown god.
  1394 | D:2      | Found Enesono's Weapon Shoppe.
  1400 | D:2      | Noticed Jessica
  1402 | D:2      | Killed Jessica
  1403 | D:2      | Reached XP level 4. HP: 28/28 MP: 4/4
  1579 | D:2      | Found a hazy altar of Hepliaklqana.
  1619 | D:2      | Noticed Robin
  2341 | D:2      | Killed Robin
  2342 | D:2      | Reached XP level 5. HP: 28/34 MP: 5/5
  2697 | D:3      | Found a runed translucent door.
  2700 | D:3      | Noticed Crazy Yiuf
  2741 | D:3      | Noticed Grinder
  2767 | D:3      | Paralysed by Grinder for 7 turns
  3738 | D:4      | Noticed a black bear
  3781 | D:4      | Reached skill level 5 in Fighting
  3817 | D:3      | Paralysed by Grinder for 5 turns
  3819 | D:3      | Splashed by a jelly's acid

Illustrated notes

Levels and vault maps discovered:
D:1:      lightli_arrival_chessboard, layout_loops_ring,
          dreamdust_ecumenical_altar_hidden_monk_grotto
D:2:      layout_basic, basic_altar, serial_shops, nicolae_square_shop,
          uniq_jessica, uniq_robin
D:3:      minmay_door_path, layout_basic, uniq_crazy_yiuf_cottage, uniq_grinder
D:4:      layout_loops_cross, sigmund_edmund_badplayer

Skill      XL: |  1  2  3  4  5 |
---------------+----------------+-----
Crossbows      | 5 |  5.1
Dodging        | 3 4 |  4.0
Fighting       | 3 4 5 |  5.0
Stealth        | |  1.3

Action                   |  1- 3 |  4- 6 || total
-------------------------+-------+-------++-------
Melee: Short sword       |    94 |    67 ||   161
       Hand axe          |       |    18 ||    18
 Fire: Hand crossbow     |     6 |    34 ||    40
 Stab: Sleeping          |    16 |    12 ||    28
Armor: Leather armour    |    17 |    21 ||    38
Dodge: Dodged            |    59 |    72 ||   131
